cohdb
Replays
Latest Replays
All Replays
Popular Replays
Top Player Replays
Match Explorer
How It Works
Community
CoH3 Stats
Reddit
Sign in to upload your games and track your stats! →
Sign in with Steam
Match 41687696
Unlisted
Match 41687696
Overview
Messages
Build Orders
End
Panzergrenadier Squad
Panzergrenadier Squad
Panzergrenadier Squad
Construct Light Support Kompanie
2.5-tonne Medical Truck
Panzerjäger Squad
Fire Support Elements
Panzerjäger Squad
Flakvierling Half-track
Selects Panzerjäger Kommand Battlegroup
Selects Tank Busters
Selects Mine Fields
Selects Defensive Positions
le.IG 18 Mechanized Group
Combat Half-tracks
Construct Panzerarmee Kommand
Selects Crew Shock Tactics
Panzerjäger Squad
Panzerjäger Squad
Armored Reserves
Selects Butterfly Bomb Drop
Tiger Heavy Tank
Tungsten Core Ammunition
Butterfly Bomb Drop
Rapid Advance
Vehicle Survival Package
Butterfly Bomb Drop
Advanced Optics
Advanced Field Repairs
Butterfly Bomb Drop
Veteran Squad Leaders
Butterfly Bomb Drop
Emergency Repair Kits
Selects Elefant Tank Destroyer
Butterfly Bomb Drop
2.5-tonne Medical Truck
Panzer IV Assault Group
Butterfly Bomb Drop
Metalharl
RommelF
^3
Africanoblanco
Imperial NEDcoat
ALVARO3804
elevate
Onderbroek
0
0
Comments
sign in to comment!
No comments posted yet!